Vancouver Canucks vs Chicago Black Hawks
Created - Wednesday, November 26, 2025 at 09:52
Goals
|
| Vancouver Canucks |
1 |
1 |
1 |
0 |
3 |
| Chicago Black Hawks |
3 |
0 |
0 |
1 |
4 |
|
Shots
|
| Vancouver Canucks |
9 |
14 |
9 |
6 |
38 |
| Chicago Black Hawks |
11 |
13 |
10 |
5 |
39 |
|
1st period
1. Vancouver Canucks , Aleksander Barkov 1 (Matias Maccelli 2, Casey Mittelstadt 1) at 2:01
2. Chicago Black Hawks , Morgan Frost 1 (Zachary Werenski 1) at 15:21
3. Chicago Black Hawks , Oliver Bjorkstrand 1 (Leo Carlsson 1) at 15:33
4. Chicago Black Hawks , Zachary Werenski 1 (Trevor Zegras 1, Barrett Hayton 1) at 16:38 (PP)
Penalties :
Mikko Rantanen (VAN) for Interference (Minor) at 15:55
2nd period
5. Vancouver Canucks , Connor Zary 1 (Aleksander Barkov 1, Emil Martinsen Lilleberg 1) at 15:06
Penalties :
Anton Lundell (VAN) for Hooking (Minor) at 3:48
3rd period
6. Vancouver Canucks , Anton Lundell 1 (Ryan McDonagh 1, Aleksander Barkov 2) at 15:38
Penalties :
Noah Dobson (CHI) for Interference (Minor) at 1:46, Justin Faulk (CHI) for Tripping (Minor) at 4:00, Connor Zary (VAN) for Tripping (Minor) at 18:41
Overtime #1
7. Chicago Black Hawks , Barrett Hayton 1 (Zachary Werenski 2) at 9:43
Penalties :
Zachary Werenski (CHI) for Holding (Minor) at 7:33
Goalie Stats
Cam Talbot (VAN), 35 saves from 39 shots - (0.897), OTL, 1-0-1, 69:43 minutes
Filip Gustavsson (CHI), 35 saves from 38 shots - (0.921), W, 1-0-1, 69:43 minutes
Players Stats for Vancouver Canucks
Player Name G A P +/- PIM S H SB GA TA FO MP PP MP PK MP
------------------------------------------------------------------------------------
Aleksander Barkov 1 2 3 3 0 5 1 0 0 0 8/14 21:27 2:55 1:59
Anton Lundell 1 0 1 3 2 3 3 0 0 0 3/3 17:29 0:00 1:24
Artturi Lehkonen 0 0 0 -2 0 2 3 1 0 1 0/2 24:08 3:02 1:59
Bobby McMann 0 0 0 -1 0 1 0 0 1 1 0/0 14:00 0:00 0:00
Brett Leason 0 0 0 0 0 1 0 0 2 0 0/0 12:29 0:00 2:29
Casey Mittelstadt 0 1 1 0 0 4 1 1 0 2 4/8 13:57 3:02 1:05
Clayton Keller 0 0 0 -2 0 4 1 0 1 0 11/27 21:30 2:51 0:13
Connor Zary 1 0 1 3 2 5 1 0 2 2 1/1 19:25 3:02 0:00
Emil Martinsen Lilleberg 0 1 1 1 0 0 4 0 1 2 0/0 16:58 0:00 0:00
Jake Bean 0 0 0 1 0 0 1 0 0 0 0/0 16:58 0:00 0:00
Jesperi Kotkaniemi 0 0 0 -1 0 2 2 0 0 1 2/2 14:32 0:04 0:13
Joel Hanley 0 0 0 1 0 1 3 3 0 1 0/0 23:10 3:02 2:08
Matias Maccelli 0 1 1 0 0 0 2 0 0 0 0/1 10:00 0:00 0:00
Mikko Rantanen 0 0 0 -2 2 4 4 0 3 0 2/3 21:28 2:55 0:00
Miro Heiskanen 0 0 0 -2 0 2 0 0 2 0 0/0 29:35 2:55 2:33
Noah Hanifin 0 0 0 -2 0 0 2 0 0 1 0/0 23:13 2:55 2:33
Ryan McDonagh 0 1 1 1 0 3 0 2 0 1 0/0 29:32 3:02 2:08
Sean Couturier 0 0 0 -1 0 1 2 1 0 0 5/7 14:00 0:00 0:00
Players Stats for Chicago Black Hawks
Player Name G A P +/- PIM S H SB GA TA FO MP PP MP PK MP
------------------------------------------------------------------------------------
Barrett Hayton 1 1 2 0 0 3 1 0 0 1 13/28 22:14 2:22 2:59
Bobby Brink 0 0 0 0 0 2 1 0 2 0 0/0 14:44 0:00 0:00
Brent Burns 0 0 0 -1 0 2 1 1 0 2 0/0 23:16 2:28 2:54
Brett Howden 0 0 0 0 0 2 0 0 0 0 0/0 10:44 0:00 0:06
Christopher Tanev 0 0 0 0 0 1 1 4 1 2 0/0 23:58 2:28 3:05
Eeli Tolvanen 0 0 0 0 0 1 2 0 0 0 0/1 16:44 0:00 0:00
Jonas Brodin 0 0 0 0 0 0 1 1 0 3 0/0 24:13 0:00 2:07
Justin Faulk 0 0 0 1 2 3 0 1 0 0 0/0 22:51 2:13 1:55
Leo Carlsson 0 1 1 0 0 5 2 0 1 1 9/19 22:00 2:09 2:52
Lucas Raymond 0 0 0 -1 0 3 0 0 1 0 0/1 17:05 0:07 0:06
Matthew Beniers 0 0 0 1 0 2 3 0 2 1 7/14 20:26 2:19 2:59
Morgan Frost 1 0 1 0 0 1 1 0 1 0 1/2 12:36 2:22 0:00
Noah Dobson 0 0 0 -1 2 1 0 2 0 1 0/0 16:30 0:00 0:00
Oliver Bjorkstrand 1 0 1 0 0 3 1 1 1 1 2/3 21:55 2:09 2:52
Ryan Suzuki 0 0 0 0 0 1 2 0 0 0 0/0 10:30 0:00 0:00
Shane Wright 0 0 0 0 0 3 1 0 1 0 0/0 15:32 0:13 0:00
Trevor Zegras 0 1 1 -1 0 1 2 0 1 0 0/0 19:08 2:22 0:00
Zachary Werenski 1 2 3 2 2 5 1 4 1 0 0/0 28:09 2:13 1:53
3 Stars
1 - Aleksander Barkov (VAN)
2 - Zachary Werenski (CHI)
3 - Barrett Hayton (CHI)
Power Play
Vancouver Canucks - 0 on 3 Attempt(s) - 0.00%
Chicago Black Hawks - 1 on 3 Attempt(s) - 33.33%
Penalty Kill
Vancouver Canucks - 2 on 3 Attempt(s) - 66.67%
- Score 0 goal in Penalty Kill
Chicago Black Hawks - 3 on 3 Attempt(s) - 100.00%
- Score 0 goal in Penalty Kill
Team Stat
Vancouver Canucks - Hits : 30 - Faceoff Wins : 36 - Blocked Shots : 8 - Penalty Minutes : 6
Chicago Black Hawks - Hits : 20 - Faceoff Wins : 32 - Blocked Shots : 14 - Penalty Minutes : 6
Official
Referees : Kelly Sutherland and Ian Walsh
Linesman : Ryan Daisy and Joseph Mahon
Game Notes
15:38 of 3rd period - Vancouver Canucks goal is going for a video replay. After video review, Goal.
Finance
Level 1 -- Attendance: 4833 (80.55%) -- Ticket Income $483,300
Level 2 -- Attendance: 4428 (88.56%) -- Ticket Income $265,680
Level 3 -- Attendance: 2664 (88.80%) -- Ticket Income $93,240
Level 4 -- Attendance: 4196 (83.92%) -- Ticket Income $104,900
Luxury Box -- Attendance: 808 (80.80%) -- Ticket Income $161,600
Game was played at the United Center.
Total Attendance: 16929 (84.65%)
Total Ticket Income: $1,108,720
Other Income: $388,052
Total Income: $1,496,772
Vancouver Canucks
5 vs 5 Forward
Center Left Wing Right Wing Time % Phy DF OF
1 Clayton Keller Artturi Lehkonen Mikko Rantanen 37 1 1 3
2 Aleksander Barkov Connor Zary Anton Lundell 28 1 2 2
3 Sean Couturier Jesperi Kotkaniemi Bobby McMann 21 1 2 2
4 Casey Mittelstadt Matias Maccelli Brett Leason 14 1 3 1
5 vs 5 Defense
Defense Defense Time % Phy DF OF
1 Noah Hanifin Miro Heiskanen 30 1 2 2
2 Ryan McDonagh Joel Hanley 30 1 2 2
3 Jake Bean Emil Martinsen Lilleberg 25 1 2 2
4 Ryan McDonagh Miro Heiskanen 15 1 2 2
PowerPlay Forward
Center Left Wing Right Wing Time % Phy DF OF
1 Aleksander Barkov Clayton Keller Mikko Rantanen 50 0 1 4
2 Casey Mittelstadt Connor Zary Artturi Lehkonen 50 0 1 4
PowerPlay Defense
Defense Defense Time % Phy DF OF
1 Noah Hanifin Miro Heiskanen 50 0 1 4
2 Ryan McDonagh Joel Hanley 50 0 1 4
Penalty Kill 4 Players Forward
Center Wing Time % Phy DF OF
1 Anton Lundell Brett Leason 50 1 2 2
2 Aleksander Barkov Artturi Lehkonen 50 1 2 2
Penalty Kill 4 Players Defense
Defense Defense Time % Phy DF OF
1 Ryan McDonagh Joel Hanley 50 1 2 2
2 Noah Hanifin Miro Heiskanen 50 1 2 2
Penalty Kill - 3 Players Forward
Forward Time % Phy DF OF
1 Anton Lundell 50 1 2 2
2 Brett Leason 50 1 2 2
Penalty Kill - 3 Players Defense
Defense Defense Time % Phy DF OF
1 Ryan McDonagh Joel Hanley 50 1 2 2
2 Noah Hanifin Miro Heiskanen 50 1 2 2
4 vs 4 Forward
Center Wing Time % Phy DF OF
1 Clayton Keller Mikko Rantanen 50 1 2 2
2 Aleksander Barkov Artturi Lehkonen 50 1 2 2
4 vs 4 Defense
Defense Defense Time % Phy DF OF
1 Noah Hanifin Miro Heiskanen 50 1 2 2
2 Ryan McDonagh Joel Hanley 50 1 2 2
Last Minutes Offensive
Center Left Wing Right Wing Defense Defense
Aleksander Barkov Clayton Keller Mikko Rantanen Noah Hanifin Miro Heiskanen
Last Minutes Defensive
Center Left Wing Right Wing Defense Defense
Anton Lundell Artturi Lehkonen Brett Leason Ryan McDonagh Joel Hanley
Goaltenders
Starting : Cam Talbot
Backup : Justus Annunen
Extra Forwards
Normal : Mikko Rantanen, Artturi Lehkonen, Clayton Keller - PP : Mikko Rantanen, Clayton Keller - PK : Anton Lundell
Extra Defensemen
Normal : Miro Heiskanen, Joel Hanley, Ryan McDonagh - PP : Miro Heiskanen - PK : Ryan McDonagh, Joel Hanley
Penalty Shots
Aleksander Barkov, Anton Lundell, Artturi Lehkonen, Jesperi Kotkaniemi, Mikko Rantanen
Scratches
Ty Dellandrea (Healthy), Jacob Bernard-Docker (Healthy), Eemil Viro (Healthy), Jacob Bryson (Healthy)
Chicago Black Hawks
5 vs 5 Forward
Center Left Wing Right Wing Time % Phy DF OF
1 Leo Carlsson Eeli Tolvanen Oliver Bjorkstrand 30 1 2 2
2 Barrett Hayton Lucas Raymond Trevor Zegras 30 1 2 2
3 Matthew Beniers Shane Wright Bobby Brink 25 1 2 2
4 Morgan Frost Brett Howden Ryan Suzuki 15 1 2 2
5 vs 5 Defense
Defense Defense Time % Phy DF OF
1 Zachary Werenski Justin Faulk 30 1 2 2
2 Brent Burns Christopher Tanev 30 1 2 2
3 Noah Dobson Jonas Brodin 25 1 2 2
4 Jonas Brodin Zachary Werenski 15 1 2 2
PowerPlay Forward
Center Left Wing Right Wing Time % Phy DF OF
1 Leo Carlsson Matthew Beniers Oliver Bjorkstrand 50 1 2 2
2 Barrett Hayton Morgan Frost Trevor Zegras 50 1 2 2
PowerPlay Defense
Defense Defense Time % Phy DF OF
1 Zachary Werenski Justin Faulk 50 1 2 2
2 Brent Burns Christopher Tanev 50 1 2 2
Penalty Kill 4 Players Forward
Center Wing Time % Phy DF OF
1 Oliver Bjorkstrand Leo Carlsson 50 1 2 2
2 Barrett Hayton Matthew Beniers 50 1 2 2
Penalty Kill 4 Players Defense
Defense Defense Time % Phy DF OF
1 Zachary Werenski Justin Faulk 50 1 2 2
2 Brent Burns Christopher Tanev 50 1 2 2
Penalty Kill - 3 Players Forward
Forward Time % Phy DF OF
1 Barrett Hayton 50 1 2 2
2 Leo Carlsson 50 1 2 2
Penalty Kill - 3 Players Defense
Defense Defense Time % Phy DF OF
1 Zachary Werenski Justin Faulk 50 1 2 2
2 Brent Burns Christopher Tanev 50 1 2 2
4 vs 4 Forward
Center Wing Time % Phy DF OF
1 Oliver Bjorkstrand Leo Carlsson 50 1 2 2
2 Barrett Hayton Matthew Beniers 50 1 2 2
4 vs 4 Defense
Defense Defense Time % Phy DF OF
1 Zachary Werenski Justin Faulk 50 1 2 2
2 Brent Burns Christopher Tanev 50 1 2 2
Last Minutes Offensive
Center Left Wing Right Wing Defense Defense
Leo Carlsson Eeli Tolvanen Oliver Bjorkstrand Zachary Werenski Justin Faulk
Last Minutes Defensive
Center Left Wing Right Wing Defense Defense
Leo Carlsson Eeli Tolvanen Oliver Bjorkstrand Zachary Werenski Justin Faulk
Goaltenders
Starting : Filip Gustavsson
Backup : Adin Hill
Extra Forwards
Normal : Shane Wright, Morgan Frost, Brett Howden - PP : Shane Wright, Morgan Frost - PK : Brett Howden
Extra Defensemen
Normal : Noah Dobson, Zachary Werenski, Jonas Brodin - PP : Noah Dobson - PK : Zachary Werenski, Jonas Brodin
Penalty Shots
Morgan Frost, Leo Carlsson, Barrett Hayton, Matthew Beniers, Oliver Bjorkstrand
Scratches
David Jiricek (Healthy), Ryan Lindgren (Healthy), Simon Nemec (Healthy), Antonio Stranges (Healthy), Noah Cates (Healthy)
% Time on Ice - Vancouver Canucks
Lines # - Real PCT - Wanted PCT - Time Play
Normal Forward
1 - 31% - 37% - 18:34
2 - 28% - 28% - 16:31
3 - 24% - 21% - 14:00
4 - 17% - 14% - 10:00
Normal Defense
1 - 28% - 30% - 16:46
2 - 30% - 30% - 17:47
3 - 29% - 25% - 17:07
4 - 13% - 15% - 7:25
PP Forward
1 - 49% - 50% - 2:55
2 - 51% - 50% - 3:02
PP Defense
1 - 49% - 50% - 2:55
2 - 51% - 50% - 3:02
PK Forward
1 - 58% - 50% - 2:42
2 - 42% - 50% - 1:59
PK Defense
1 - 46% - 50% - 2:08
2 - 54% - 50% - 2:33
PK3 Forward
1 - 0% - 50%
2 - 0% - 50%
PK3 Defense
1 - 0% - 50%
2 - 0% - 50%
44 Forward
1 - 0% - 50%
2 - 0% - 50%
44 Defense
1 - 0% - 50%
2 - 0% - 50%
Last Minute Offensive - 0:00
Last Minute Defensive - 0:00
Total
Forward - 69:43
Defense - 69:43
|
% Time on Ice - Chicago Black Hawks
Lines # - Real PCT - Wanted PCT - Time Play
Normal Forward
1 - 29% - 30% - 16:58
2 - 29% - 30% - 16:53
3 - 25% - 25% - 14:44
4 - 18% - 15% - 10:30
Normal Defense
1 - 32% - 30% - 18:57
2 - 30% - 30% - 17:54
3 - 25% - 25% - 15:03
4 - 12% - 15% - 7:11
PP Forward
1 - 49% - 50% - 2:19
2 - 51% - 50% - 2:22
PP Defense
1 - 47% - 50% - 2:13
2 - 53% - 50% - 2:28
PK Forward
1 - 50% - 50% - 2:58
2 - 50% - 50% - 2:59
PK Defense
1 - 51% - 50% - 3:03
2 - 49% - 50% - 2:54
PK3 Forward
1 - 0% - 50%
2 - 0% - 50%
PK3 Defense
1 - 0% - 50%
2 - 0% - 50%
44 Forward
1 - 0% - 50%
2 - 0% - 50%
44 Defense
1 - 0% - 50%
2 - 0% - 50%
Last Minute Offensive - 0:00
Last Minute Defensive - 0:00
Total
Forward - 69:43
Defense - 69:43
|
Play-by-Play
1st period
0:01 of 1st period - Clayton Keller wins face-off versus Eeli Tolvanen in neutral zone.
1:10 of 1st period - Wrist shot by Mikko Rantanen.
1:10 of 1st period - Stopped by Filip Gustavsson without a rebound.
1:11 of 1st period - Matthew Beniers wins face-off versus Mikko Rantanen in Chicago Black Hawks zone.
2:01 of 1st period - Wrist shot by Aleksander Barkov.
2:01 of 1st period - Goal by Aleksander Barkov - Vancouver Canucks : 1 - Chicago Black Hawks : 0.
2:02 of 1st period - Sean Couturier wins face-off versus Barrett Hayton in neutral zone.
2:24 of 1st period - Icing by Trevor Zegras.
2:25 of 1st period - Barrett Hayton wins face-off versus Aleksander Barkov in Chicago Black Hawks zone.
2:31 of 1st period - Off-side.
2:32 of 1st period - Clayton Keller wins face-off versus Matthew Beniers in neutral zone.
2:41 of 1st period - Snap shot by Matthew Beniers.
2:41 of 1st period - Shot Misses the Net.
2:47 of 1st period - Slapshot by Clayton Keller.
2:47 of 1st period - Stopped by Filip Gustavsson without a rebound.
2:48 of 1st period - Aleksander Barkov wins face-off versus Leo Carlsson in Chicago Black Hawks zone.
3:15 of 1st period - Brett Howden is hit by Clayton Keller and loses puck.
3:28 of 1st period - Noah Hanifin is hit by Jonas Brodin and loses puck.
4:23 of 1st period - Snap shot by Connor Zary.
4:23 of 1st period - Stopped by Filip Gustavsson with a rebound.
4:25 of 1st period - Slapshot by Noah Hanifin.
4:25 of 1st period - Deflect By Aleksander Barkov.
4:25 of 1st period - Shot Blocked by Zachary Werenski.
4:25 of 1st period - Puck is out of play.
4:26 of 1st period - Clayton Keller wins face-off versus Barrett Hayton in Chicago Black Hawks zone.
4:39 of 1st period - Christopher Tanev is hit by Mikko Rantanen.
5:37 of 1st period - Slapshot by Barrett Hayton.
5:37 of 1st period - Shot Misses the Net.
5:39 of 1st period - Slapshot by Barrett Hayton.
5:39 of 1st period - Shot Misses the Net.
5:41 of 1st period - Snap shot by Trevor Zegras.
5:41 of 1st period - Shot Misses the Net.
5:43 of 1st period - Slapshot by Christopher Tanev.
5:43 of 1st period - Stopped by Cam Talbot without a rebound.
5:44 of 1st period - Clayton Keller wins face-off versus Leo Carlsson in Vancouver Canucks zone.
5:55 of 1st period - Wrist shot by Mikko Rantanen.
5:55 of 1st period - Shot Misses the Net.
6:00 of 1st period - Off-side.
6:01 of 1st period - Matthew Beniers wins face-off versus Casey Mittelstadt in neutral zone.
6:57 of 1st period - Backhand shot by Morgan Frost.
6:57 of 1st period - Shot Misses the Net.
6:59 of 1st period - Slapshot by Noah Dobson.
6:59 of 1st period - Stopped by Cam Talbot without a rebound.
7:00 of 1st period - Connor Zary wins face-off versus Matthew Beniers in Vancouver Canucks zone.
7:07 of 1st period - Snap shot by Connor Zary.
7:07 of 1st period - Stopped by Filip Gustavsson without a rebound.
7:08 of 1st period - Matthew Beniers wins face-off versus Aleksander Barkov in Chicago Black Hawks zone.
7:42 of 1st period - Miro Heiskanen is hit by Bobby Brink and loses puck.
8:09 of 1st period - Slapshot by Aleksander Barkov.
8:09 of 1st period - Shot Blocked by Christopher Tanev.
8:11 of 1st period - Slapshot by Miro Heiskanen.
8:11 of 1st period - Shot Blocked by Brent Burns.
8:13 of 1st period - Slapshot by Miro Heiskanen.
8:13 of 1st period - Deflect By Matthew Beniers.
8:13 of 1st period - Stopped by Filip Gustavsson with a rebound.
8:15 of 1st period - Snap shot by Anton Lundell.
8:15 of 1st period - Shot Blocked by Christopher Tanev.
8:17 of 1st period - Slapshot by Miro Heiskanen.
8:17 of 1st period - Shot Misses the Net.
8:19 of 1st period - Wrist shot by Connor Zary.
8:19 of 1st period - Shot Misses the Net.
8:23 of 1st period - Snap shot by Aleksander Barkov.
8:23 of 1st period - Shot Blocked by Christopher Tanev.
8:45 of 1st period - Slapshot by Connor Zary.
8:45 of 1st period - Stopped by Filip Gustavsson with a rebound.
9:01 of 1st period - Wrist shot by Aleksander Barkov.
9:01 of 1st period - Shot Misses the Net.
9:28 of 1st period - Snap shot by Shane Wright.
9:28 of 1st period - Deflect By Miro Heiskanen.
9:28 of 1st period - Shot Blocked by Ryan McDonagh.
9:28 of 1st period - Puck is out of play.
9:29 of 1st period - Leo Carlsson wins face-off versus Clayton Keller in Vancouver Canucks zone.
9:59 of 1st period - Morgan Frost is hit by Emil Martinsen Lilleberg and loses puck.
10:19 of 1st period - Jonas Brodin is hit by Emil Martinsen Lilleberg and loses puck.
10:52 of 1st period - Snap shot by Bobby McMann.
10:52 of 1st period - Shot Misses the Net.
11:06 of 1st period - Barrett Hayton is hit by Joel Hanley and loses puck.
11:37 of 1st period - Artturi Lehkonen is hit by Ryan Suzuki and loses puck.
11:58 of 1st period - Wrist shot by Jesperi Kotkaniemi.
11:58 of 1st period - Shot Misses the Net.
13:39 of 1st period - Icing by Joel Hanley.
13:40 of 1st period - Sean Couturier wins face-off versus Barrett Hayton in Vancouver Canucks zone.
14:29 of 1st period - Justin Faulk is hit by Anton Lundell.
14:47 of 1st period - Joel Hanley is hit by Trevor Zegras.
14:51 of 1st period - Brent Burns is hit by Anton Lundell and loses puck.
15:09 of 1st period - Snap shot by Anton Lundell.
15:09 of 1st period - Stopped by Filip Gustavsson without a rebound.
15:10 of 1st period - Clayton Keller wins face-off versus Morgan Frost in Chicago Black Hawks zone.
15:21 of 1st period - Backhand shot by Zachary Werenski.
15:21 of 1st period - Deflect By Morgan Frost.
15:21 of 1st period - Goal by Morgan Frost - Vancouver Canucks : 1 - Chicago Black Hawks : 1.
15:22 of 1st period - Leo Carlsson wins face-off versus Clayton Keller in neutral zone.
15:25 of 1st period - Slapshot by Zachary Werenski.
15:25 of 1st period - Stopped by Cam Talbot with a rebound.
15:27 of 1st period - Slapshot by Justin Faulk.
15:27 of 1st period - Stopped by Cam Talbot with a rebound.
15:29 of 1st period - Slapshot by Leo Carlsson.
15:29 of 1st period - Stopped by Cam Talbot with a rebound.
15:31 of 1st period - Wrist shot by Oliver Bjorkstrand.
15:31 of 1st period - Stopped by Cam Talbot without a rebound.
15:32 of 1st period - Leo Carlsson wins face-off versus Clayton Keller in Vancouver Canucks zone.
15:33 of 1st period - Wrist shot by Oliver Bjorkstrand.
15:33 of 1st period - Goal by Oliver Bjorkstrand - Vancouver Canucks : 1 - Chicago Black Hawks : 2.
15:34 of 1st period - Leo Carlsson wins face-off versus Clayton Keller in neutral zone.
15:47 of 1st period - Snap shot by Leo Carlsson.
15:47 of 1st period - Shot Misses the Net.
15:49 of 1st period - Slapshot by Eeli Tolvanen.
15:49 of 1st period - Shot Blocked by Artturi Lehkonen.
15:55 of 1st period - Minor Penalty to Mikko Rantanen for Interference.
15:56 of 1st period - Anton Lundell wins face-off versus Leo Carlsson in Vancouver Canucks zone.
16:07 of 1st period - Aleksander Barkov is hit by Matthew Beniers and loses puck.
16:23 of 1st period - Icing by Barrett Hayton.
16:24 of 1st period - Anton Lundell wins face-off versus Barrett Hayton in Chicago Black Hawks zone.
16:32 of 1st period - Anton Lundell is hit by Morgan Frost.
16:38 of 1st period - Wrist shot by Zachary Werenski.
16:38 of 1st period - Deflect By Noah Hanifin.
16:38 of 1st period - Goal by Zachary Werenski - Vancouver Canucks : 1 - Chicago Black Hawks : 3.
16:39 of 1st period - Barrett Hayton wins face-off versus Clayton Keller in neutral zone.
17:06 of 1st period - Joel Hanley is hit by Zachary Werenski and loses puck.
17:19 of 1st period - Backhand shot by Oliver Bjorkstrand.
17:19 of 1st period - Stopped by Cam Talbot without a rebound.
17:20 of 1st period - Matthew Beniers wins face-off versus Clayton Keller in Vancouver Canucks zone.
17:29 of 1st period - Wrist shot by Shane Wright.
17:29 of 1st period - Stopped by Cam Talbot with a rebound.
17:49 of 1st period - Miro Heiskanen is hit by Eeli Tolvanen and loses puck.
18:07 of 1st period - Icing by Emil Martinsen Lilleberg.
18:08 of 1st period - Casey Mittelstadt wins face-off versus Lucas Raymond in Vancouver Canucks zone.
18:43 of 1st period - Snap shot by Clayton Keller.
18:43 of 1st period - Stopped by Filip Gustavsson without a rebound.
18:44 of 1st period - Barrett Hayton wins face-off versus Clayton Keller in Chicago Black Hawks zone.
19:11 of 1st period - Eeli Tolvanen is hit by Sean Couturier and loses puck.
19:20 of 1st period - Sean Couturier is hit by Eeli Tolvanen and loses puck.
19:42 of 1st period - Ryan Suzuki is hit by Aleksander Barkov.
19:56 of 1st period - Noah Hanifin is hit by Shane Wright and loses puck.
Goals for this period are 1 for Vancouver Canucks vs 3 for Chicago Black Hawks.
Shots for this period are 9 for Vancouver Canucks vs 11 for Chicago Black Hawks.
2nd period
0:01 of 2nd period - Clayton Keller wins face-off versus Barrett Hayton in neutral zone.
0:08 of 2nd period - Snap shot by Mikko Rantanen.
0:08 of 2nd period - Stopped by Filip Gustavsson with a rebound.
0:10 of 2nd period - Snap shot by Mikko Rantanen.
0:10 of 2nd period - Shot Misses the Net.
0:12 of 2nd period - Snap shot by Mikko Rantanen.
0:12 of 2nd period - Shot Blocked by Zachary Werenski.
0:46 of 2nd period - Slapshot by Matthew Beniers.
0:46 of 2nd period - Shot Blocked by Joel Hanley.
0:48 of 2nd period - Slapshot by Zachary Werenski.
0:48 of 2nd period - Shot Blocked by Joel Hanley.
1:16 of 2nd period - Wrist shot by Casey Mittelstadt.
1:16 of 2nd period - Stopped by Filip Gustavsson with a rebound.
1:18 of 2nd period - Wrist shot by Brett Leason.
1:18 of 2nd period - Stopped by Filip Gustavsson with a rebound.
1:48 of 2nd period - Zachary Werenski is hit by Noah Hanifin and loses puck.
1:57 of 2nd period - Snap shot by Sean Couturier.
1:57 of 2nd period - Shot Blocked by Zachary Werenski.
2:05 of 2nd period - Jesperi Kotkaniemi is hit by Leo Carlsson and loses puck.
2:14 of 2nd period - Zachary Werenski is hit by Jesperi Kotkaniemi and loses puck.
2:23 of 2nd period - Snap shot by Bobby McMann.
2:23 of 2nd period - Stopped by Filip Gustavsson with a rebound.
2:43 of 2nd period - Snap shot by Leo Carlsson.
2:43 of 2nd period - Shot Misses the Net.
2:45 of 2nd period - Snap shot by Zachary Werenski.
2:45 of 2nd period - Stopped by Cam Talbot with a rebound.
2:47 of 2nd period - Snap shot by Oliver Bjorkstrand.
2:47 of 2nd period - Shot Hit the Post.
2:53 of 2nd period - Slapshot by Leo Carlsson.
2:53 of 2nd period - Stopped by Cam Talbot with a rebound.
2:55 of 2nd period - Slapshot by Zachary Werenski.
2:55 of 2nd period - Shot Misses the Net.
2:57 of 2nd period - Snap shot by Justin Faulk.
2:57 of 2nd period - Stopped by Cam Talbot with a rebound.
2:59 of 2nd period - Snap shot by Eeli Tolvanen.
2:59 of 2nd period - Shot Misses the Net.
3:03 of 2nd period - Wrist shot by Leo Carlsson.
3:03 of 2nd period - Shot Blocked by Sean Couturier.
3:11 of 2nd period - Backhand shot by Leo Carlsson.
3:11 of 2nd period - Shot Misses the Net.
3:13 of 2nd period - Wrist shot by Eeli Tolvanen.
3:13 of 2nd period - Deflect By Leo Carlsson.
3:13 of 2nd period - Stopped by Cam Talbot with a rebound.
3:15 of 2nd period - Wrist shot by Eeli Tolvanen.
3:15 of 2nd period - Stopped by Cam Talbot with a rebound.
3:17 of 2nd period - Slapshot by Justin Faulk.
3:17 of 2nd period - Stopped by Cam Talbot with a rebound.
3:19 of 2nd period - Wrist shot by Leo Carlsson.
3:19 of 2nd period - Deflect By Oliver Bjorkstrand.
3:19 of 2nd period - Shot Misses the Net.
3:19 of 2nd period - Puck is out of play.
3:20 of 2nd period - Barrett Hayton wins face-off versus Clayton Keller in Vancouver Canucks zone.
3:35 of 2nd period - Icing by Barrett Hayton.
3:36 of 2nd period - Barrett Hayton wins face-off versus Aleksander Barkov in Chicago Black Hawks zone.
3:36 of 2nd period - Barrett Hayton is hit by Emil Martinsen Lilleberg.
3:41 of 2nd period - Off-side.
3:42 of 2nd period - Matthew Beniers wins face-off versus Aleksander Barkov in neutral zone.
3:48 of 2nd period - Minor Penalty to Anton Lundell for Hooking.
3:49 of 2nd period - Aleksander Barkov wins face-off versus Barrett Hayton in Vancouver Canucks zone.
4:14 of 2nd period - Brett Leason is hit by Leo Carlsson and loses puck.
4:41 of 2nd period - Snap shot by Artturi Lehkonen.
4:41 of 2nd period - Shot Hit the Post.
5:48 of 2nd period - Penalty to Anton Lundell is over, Anton Lundell is back on ice.
6:29 of 2nd period - Noah Dobson is hit by Emil Martinsen Lilleberg.
6:49 of 2nd period - Trevor Zegras is hit by Mikko Rantanen and loses puck.
9:19 of 2nd period - Ryan McDonagh is hit by Barrett Hayton and loses puck.
9:30 of 2nd period - Matthew Beniers is hit by Artturi Lehkonen and loses puck.
9:36 of 2nd period - Icing by Bobby Brink.
9:37 of 2nd period - Mikko Rantanen wins face-off versus Matthew Beniers in Chicago Black Hawks zone.
9:55 of 2nd period - Noah Dobson is hit by Mikko Rantanen and loses puck.
10:16 of 2nd period - Snap shot by Clayton Keller.
10:16 of 2nd period - Stopped by Filip Gustavsson with a rebound.
10:28 of 2nd period - Wrist shot by Clayton Keller.
10:28 of 2nd period - Stopped by Filip Gustavsson with a rebound.
10:30 of 2nd period - Slapshot by Jake Bean.
10:30 of 2nd period - Shot Misses the Net.
10:32 of 2nd period - Slapshot by Clayton Keller.
10:32 of 2nd period - Deflect By Mikko Rantanen.
10:32 of 2nd period - Shot Blocked by Jonas Brodin.
10:32 of 2nd period - Puck is out of play.
10:33 of 2nd period - Aleksander Barkov wins face-off versus Barrett Hayton in Chicago Black Hawks zone.
10:36 of 2nd period - Snap shot by Anton Lundell.
10:36 of 2nd period - Stopped by Filip Gustavsson with a rebound.
11:06 of 2nd period - Snap shot by Casey Mittelstadt.
11:06 of 2nd period - Stopped by Filip Gustavsson without a rebound.
11:07 of 2nd period - Aleksander Barkov wins face-off versus Barrett Hayton in Chicago Black Hawks zone.
11:19 of 2nd period - Off-side.
11:20 of 2nd period - Clayton Keller wins face-off versus Barrett Hayton in neutral zone.
11:45 of 2nd period - Ryan McDonagh is hit by Matthew Beniers and loses puck.
12:30 of 2nd period - Morgan Frost is hit by Mikko Rantanen and loses puck.
12:57 of 2nd period - Snap shot by Bobby Brink.
12:57 of 2nd period - Shot Blocked by Joel Hanley.
13:03 of 2nd period - Zachary Werenski is hit by Joel Hanley and loses puck.
13:26 of 2nd period - Wrist shot by Trevor Zegras.
13:26 of 2nd period - Shot Misses the Net.
14:19 of 2nd period - Slapshot by Trevor Zegras.
14:19 of 2nd period - Shot Misses the Net.
14:21 of 2nd period - Snap shot by Brent Burns.
14:21 of 2nd period - Shot Misses the Net.
14:23 of 2nd period - Wrist shot by Barrett Hayton.
14:23 of 2nd period - Stopped by Cam Talbot with a rebound.
14:25 of 2nd period - Wrist shot by Brent Burns.
14:25 of 2nd period - Stopped by Cam Talbot with a rebound.
15:06 of 2nd period - Snap shot by Connor Zary.
15:06 of 2nd period - Goal by Connor Zary - Vancouver Canucks : 2 - Chicago Black Hawks : 3.
15:07 of 2nd period - Mikko Rantanen wins face-off versus Barrett Hayton in neutral zone.
15:20 of 2nd period - Snap shot by Mikko Rantanen.
15:20 of 2nd period - Shot Misses the Net.
15:22 of 2nd period - Slapshot by Ryan McDonagh.
15:22 of 2nd period - Shot Misses the Net.
16:01 of 2nd period - Wrist shot by Sean Couturier.
16:01 of 2nd period - Stopped by Filip Gustavsson with a rebound.
16:03 of 2nd period - Wrist shot by Ryan McDonagh.
16:03 of 2nd period - Stopped by Filip Gustavsson with a rebound.
16:05 of 2nd period - Backhand shot by Ryan McDonagh.
16:05 of 2nd period - Stopped by Filip Gustavsson with a rebound.
16:07 of 2nd period - Slapshot by Joel Hanley.
16:07 of 2nd period - Shot Blocked by Christopher Tanev.
16:17 of 2nd period - Morgan Frost is hit by Matias Maccelli and loses puck.
16:42 of 2nd period - Brent Burns is hit by Artturi Lehkonen and loses puck.
16:59 of 2nd period - Wrist shot by Shane Wright.
16:59 of 2nd period - Stopped by Cam Talbot with a rebound.
17:01 of 2nd period - Slapshot by Brent Burns.
17:01 of 2nd period - Deflect By Anton Lundell.
17:01 of 2nd period - Stopped by Cam Talbot with a rebound.
17:09 of 2nd period - Snap shot by Bobby Brink.
17:09 of 2nd period - Shot Misses the Net.
17:27 of 2nd period - Slapshot by Zachary Werenski.
17:27 of 2nd period - Stopped by Cam Talbot with a rebound.
17:29 of 2nd period - Snap shot by Leo Carlsson.
17:29 of 2nd period - Stopped by Cam Talbot without a rebound.
17:30 of 2nd period - Barrett Hayton wins face-off versus Clayton Keller in Vancouver Canucks zone.
17:43 of 2nd period - Wrist shot by Mikko Rantanen.
17:43 of 2nd period - Shot Misses the Net.
17:45 of 2nd period - Snap shot by Artturi Lehkonen.
17:45 of 2nd period - Deflect By Mikko Rantanen.
17:45 of 2nd period - Stopped by Filip Gustavsson without a rebound.
17:46 of 2nd period - Aleksander Barkov wins face-off versus Leo Carlsson in Chicago Black Hawks zone.
17:51 of 2nd period - Snap shot by Connor Zary.
17:51 of 2nd period - Deflect By Aleksander Barkov.
17:51 of 2nd period - Stopped by Filip Gustavsson without a rebound.
17:52 of 2nd period - Anton Lundell wins face-off versus Leo Carlsson in Chicago Black Hawks zone.
18:23 of 2nd period - Snap shot by Trevor Zegras.
18:23 of 2nd period - Deflect By Lucas Raymond.
18:23 of 2nd period - Stopped by Cam Talbot without a rebound.
18:24 of 2nd period - Barrett Hayton wins face-off versus Clayton Keller in Vancouver Canucks zone.
19:03 of 2nd period - Snap shot by Aleksander Barkov.
19:03 of 2nd period - Shot Blocked by Oliver Bjorkstrand.
19:17 of 2nd period - Icing by Matthew Beniers.
19:18 of 2nd period - Matthew Beniers wins face-off versus Casey Mittelstadt in Chicago Black Hawks zone.
19:26 of 2nd period - Brent Burns is hit by Casey Mittelstadt and loses puck.
19:41 of 2nd period - Wrist shot by Bobby Brink.
19:41 of 2nd period - Shot Blocked by Ryan McDonagh.
Goals for this period are 1 for Vancouver Canucks vs 0 for Chicago Black Hawks.
Shots for this period are 14 for Vancouver Canucks vs 13 for Chicago Black Hawks.
3rd period
0:01 of 3rd period - Barrett Hayton wins face-off versus Clayton Keller in neutral zone.
0:06 of 3rd period - Wrist shot by Lucas Raymond.
0:06 of 3rd period - Stopped by Cam Talbot with a rebound.
0:30 of 3rd period - Wrist shot by Oliver Bjorkstrand.
0:30 of 3rd period - Shot Misses the Net.
1:46 of 3rd period - Minor Penalty to Noah Dobson for Interference.
1:47 of 3rd period - Oliver Bjorkstrand wins face-off versus Aleksander Barkov in Chicago Black Hawks zone.
2:49 of 3rd period - Snap shot by Connor Zary.
2:49 of 3rd period - Shot Blocked by Zachary Werenski.
2:51 of 3rd period - Slapshot by Ryan McDonagh.
2:51 of 3rd period - Stopped by Filip Gustavsson without a rebound.
2:52 of 3rd period - Aleksander Barkov wins face-off versus Matthew Beniers in Chicago Black Hawks zone.
3:28 of 3rd period - Off-side.
3:29 of 3rd period - Oliver Bjorkstrand wins face-off versus Aleksander Barkov in neutral zone.
3:46 of 3rd period - Penalty to Noah Dobson is over, Noah Dobson is back on ice.
4:00 of 3rd period - Minor Penalty to Justin Faulk for Tripping.
4:01 of 3rd period - Casey Mittelstadt wins face-off versus Barrett Hayton in Chicago Black Hawks zone.
4:14 of 3rd period - Wrist shot by Connor Zary.
4:14 of 3rd period - Shot Hit the Post.
4:42 of 3rd period - Snap shot by Aleksander Barkov.
4:42 of 3rd period - Stopped by Filip Gustavsson with a rebound.
6:00 of 3rd period - Penalty to Justin Faulk is over, Justin Faulk is back on ice.
6:43 of 3rd period - Emil Martinsen Lilleberg is hit by Ryan Suzuki and loses puck.
7:28 of 3rd period - Noah Dobson is hit by Joel Hanley and loses puck.
7:36 of 3rd period - Icing by Noah Dobson.
7:37 of 3rd period - Barrett Hayton wins face-off versus Matias Maccelli in Chicago Black Hawks zone.
8:39 of 3rd period - Brent Burns is hit by Jesperi Kotkaniemi and loses puck.
9:04 of 3rd period - Emil Martinsen Lilleberg is hit by Oliver Bjorkstrand and loses puck.
9:25 of 3rd period - Bobby Brink is hit by Matias Maccelli and loses puck.
9:41 of 3rd period - Icing by Emil Martinsen Lilleberg.
9:42 of 3rd period - Morgan Frost wins face-off versus Casey Mittelstadt in Vancouver Canucks zone.
9:53 of 3rd period - Snap shot by Brett Leason.
9:53 of 3rd period - Shot Misses the Net.
9:55 of 3rd period - Snap shot by Brett Leason.
9:55 of 3rd period - Shot Hit the Post.
9:57 of 3rd period - Snap shot by Casey Mittelstadt.
9:57 of 3rd period - Stopped by Filip Gustavsson with a rebound.
9:59 of 3rd period - Slapshot by Emil Martinsen Lilleberg.
9:59 of 3rd period - Shot Blocked by Noah Dobson.
10:25 of 3rd period - Snap shot by Casey Mittelstadt.
10:25 of 3rd period - Deflect By Brett Leason.
10:25 of 3rd period - Shot Misses the Net.
10:25 of 3rd period - Puck is out of play.
10:26 of 3rd period - Leo Carlsson wins face-off versus Clayton Keller in Chicago Black Hawks zone.
10:51 of 3rd period - Matthew Beniers is hit by Noah Hanifin and loses puck.
11:18 of 3rd period - Wrist shot by Brett Howden.
11:18 of 3rd period - Stopped by Cam Talbot with a rebound.
12:05 of 3rd period - Wrist shot by Bobby Brink.
12:05 of 3rd period - Stopped by Cam Talbot with a rebound.
12:07 of 3rd period - Snap shot by Shane Wright.
12:07 of 3rd period - Stopped by Cam Talbot with a rebound.
12:31 of 3rd period - Snap shot by Morgan Frost.
12:31 of 3rd period - Shot Misses the Net.
12:33 of 3rd period - Snap shot by Ryan Suzuki.
12:33 of 3rd period - Stopped by Cam Talbot without a rebound.
12:34 of 3rd period - Clayton Keller wins face-off versus Leo Carlsson in Vancouver Canucks zone.
13:24 of 3rd period - Slapshot by Matthew Beniers.
13:24 of 3rd period - Deflect By Shane Wright.
13:24 of 3rd period - Shot Blocked by Casey Mittelstadt.
13:24 of 3rd period - Puck is out of play.
13:25 of 3rd period - Casey Mittelstadt wins face-off versus Matthew Beniers in Vancouver Canucks zone.
13:25 of 3rd period - Casey Mittelstadt is hit by Matthew Beniers.
13:47 of 3rd period - Slapshot by Miro Heiskanen.
13:47 of 3rd period - Stopped by Filip Gustavsson without a rebound.
13:48 of 3rd period - Leo Carlsson wins face-off versus Clayton Keller in Chicago Black Hawks zone.
13:48 of 3rd period - Leo Carlsson is hit by Artturi Lehkonen.
14:01 of 3rd period - Off-side.
14:02 of 3rd period - Barrett Hayton wins face-off versus Clayton Keller in neutral zone.
14:15 of 3rd period - Snap shot by Barrett Hayton.
14:15 of 3rd period - Stopped by Cam Talbot with a rebound.
14:52 of 3rd period - Wrist shot by Bobby Brink.
14:52 of 3rd period - Stopped by Cam Talbot with a rebound.
14:54 of 3rd period - Slapshot by Zachary Werenski.
14:54 of 3rd period - Shot Misses the Net.
15:27 of 3rd period - Zachary Werenski is hit by Connor Zary and loses puck.
15:34 of 3rd period - Wrist shot by Aleksander Barkov.
15:34 of 3rd period - Stopped by Filip Gustavsson with a rebound.
15:36 of 3rd period - Slapshot by Ryan McDonagh.
15:36 of 3rd period - Shot Misses the Net.
15:38 of 3rd period - Snap shot by Anton Lundell.
15:38 of 3rd period - Vancouver Canucks goal is going for a video replay.
15:38 of 3rd period - The goal is good.
15:38 of 3rd period - Goal by Anton Lundell - Vancouver Canucks : 3 - Chicago Black Hawks : 3.
15:39 of 3rd period - Sean Couturier wins face-off versus Matthew Beniers in neutral zone.
15:42 of 3rd period - Bobby Brink is hit by Sean Couturier and loses puck.
16:13 of 3rd period - Wrist shot by Leo Carlsson.
16:13 of 3rd period - Stopped by Cam Talbot without a rebound.
16:14 of 3rd period - Clayton Keller wins face-off versus Oliver Bjorkstrand in Vancouver Canucks zone.
16:25 of 3rd period - Eeli Tolvanen is hit by Jake Bean and loses puck.
16:39 of 3rd period - Icing by Zachary Werenski.
16:40 of 3rd period - Jesperi Kotkaniemi wins face-off versus Matthew Beniers in Chicago Black Hawks zone.
16:49 of 3rd period - Wrist shot by Sean Couturier.
16:49 of 3rd period - Shot Misses the Net.
16:51 of 3rd period - Snap shot by Bobby McMann.
16:51 of 3rd period - Deflect By Jesperi Kotkaniemi.
16:51 of 3rd period - Stopped by Filip Gustavsson without a rebound.
16:52 of 3rd period - Matthew Beniers wins face-off versus Sean Couturier in Chicago Black Hawks zone.
17:24 of 3rd period - Aleksander Barkov is hit by Brent Burns.
17:34 of 3rd period - Wrist shot by Shane Wright.
17:34 of 3rd period - Deflect By Matthew Beniers.
17:34 of 3rd period - Stopped by Cam Talbot with a rebound.
17:42 of 3rd period - Wrist shot by Matthew Beniers.
17:42 of 3rd period - Stopped by Cam Talbot without a rebound.
17:43 of 3rd period - Sean Couturier wins face-off versus Leo Carlsson in Vancouver Canucks zone.
17:48 of 3rd period - Snap shot by Jesperi Kotkaniemi.
17:48 of 3rd period - Stopped by Filip Gustavsson without a rebound.
17:49 of 3rd period - Sean Couturier wins face-off versus Leo Carlsson in Chicago Black Hawks zone.
18:18 of 3rd period - Wrist shot by Brett Howden.
18:18 of 3rd period - Shot Misses the Net.
18:41 of 3rd period - Minor Penalty to Connor Zary for Tripping.
18:42 of 3rd period - Aleksander Barkov wins face-off versus Leo Carlsson in Vancouver Canucks zone.
18:59 of 3rd period - Aleksander Barkov is hit by Christopher Tanev and loses puck.
19:18 of 3rd period - Wrist shot by Joel Hanley.
19:18 of 3rd period - Stopped by Filip Gustavsson with a rebound.
19:20 of 3rd period - Slapshot by Joel Hanley.
19:20 of 3rd period - Deflect By Anton Lundell.
19:20 of 3rd period - Shot Misses the Net.
19:20 of 3rd period - Puck is out of play.
19:21 of 3rd period - Leo Carlsson wins face-off versus Artturi Lehkonen in Chicago Black Hawks zone.
19:52 of 3rd period - Miro Heiskanen is hit by Trevor Zegras and loses puck.
Goals for this period are 1 for Vancouver Canucks vs 0 for Chicago Black Hawks.
Shots for this period are 9 for Vancouver Canucks vs 10 for Chicago Black Hawks.
Overtime #1
0:01 of 1st overtime period - Leo Carlsson wins face-off versus Artturi Lehkonen in neutral zone.
0:41 of 1st overtime period - Penalty to Connor Zary is over, Connor Zary is back on ice.
3:18 of 1st overtime period - Snap shot by Connor Zary.
3:18 of 1st overtime period - Stopped by Filip Gustavsson with a rebound.
3:38 of 1st overtime period - Snap shot by Brett Howden.
3:38 of 1st overtime period - Stopped by Cam Talbot without a rebound.
3:39 of 1st overtime period - Leo Carlsson wins face-off versus Clayton Keller in Vancouver Canucks zone.
4:38 of 1st overtime period - Icing by Jesperi Kotkaniemi.
4:39 of 1st overtime period - Barrett Hayton wins face-off versus Sean Couturier in Vancouver Canucks zone.
4:47 of 1st overtime period - Snap shot by Lucas Raymond.
4:47 of 1st overtime period - Stopped by Cam Talbot with a rebound.
4:49 of 1st overtime period - Wrist shot by Trevor Zegras.
4:49 of 1st overtime period - Stopped by Cam Talbot with a rebound.
4:51 of 1st overtime period - Slapshot by Zachary Werenski.
4:51 of 1st overtime period - Stopped by Cam Talbot without a rebound.
4:52 of 1st overtime period - Clayton Keller wins face-off versus Barrett Hayton in Vancouver Canucks zone.
5:17 of 1st overtime period - Eeli Tolvanen is hit by Anton Lundell and loses puck.
5:28 of 1st overtime period - Snap shot by Aleksander Barkov.
5:28 of 1st overtime period - Stopped by Filip Gustavsson without a rebound.
5:29 of 1st overtime period - Jesperi Kotkaniemi wins face-off versus Barrett Hayton in Chicago Black Hawks zone.
6:41 of 1st overtime period - Wrist shot by Jesperi Kotkaniemi.
6:41 of 1st overtime period - Shot Misses the Net.
6:43 of 1st overtime period - Snap shot by Bobby McMann.
6:43 of 1st overtime period - Deflect By Jesperi Kotkaniemi.
6:43 of 1st overtime period - Shot Blocked by Noah Dobson.
6:43 of 1st overtime period - Puck is out of play.
6:44 of 1st overtime period - Barrett Hayton wins face-off versus Clayton Keller in Chicago Black Hawks zone.
7:01 of 1st overtime period - Snap shot by Clayton Keller.
7:01 of 1st overtime period - Shot Misses the Net.
7:20 of 1st overtime period - Slapshot by Aleksander Barkov.
7:20 of 1st overtime period - Deflect By Connor Zary.
7:20 of 1st overtime period - Shot Misses the Net.
7:20 of 1st overtime period - Puck is out of play.
7:21 of 1st overtime period - Clayton Keller wins face-off versus Leo Carlsson in Chicago Black Hawks zone.
7:33 of 1st overtime period - Minor Penalty to Zachary Werenski for Holding.
7:34 of 1st overtime period - Barrett Hayton wins face-off versus Casey Mittelstadt in Chicago Black Hawks zone.
7:36 of 1st overtime period - Snap shot by Artturi Lehkonen.
7:36 of 1st overtime period - Stopped by Filip Gustavsson with a rebound.
7:38 of 1st overtime period - Slapshot by Joel Hanley.
7:38 of 1st overtime period - Shot Blocked by Justin Faulk.
7:40 of 1st overtime period - Slapshot by Joel Hanley.
7:40 of 1st overtime period - Deflect By Artturi Lehkonen.
7:40 of 1st overtime period - Stopped by Filip Gustavsson without a rebound.
7:41 of 1st overtime period - Casey Mittelstadt wins face-off versus Barrett Hayton in Chicago Black Hawks zone.
8:02 of 1st overtime period - Snap shot by Connor Zary.
8:02 of 1st overtime period - Shot Misses the Net.
8:04 of 1st overtime period - Wrist shot by Casey Mittelstadt.
8:04 of 1st overtime period - Stopped by Filip Gustavsson without a rebound.
8:05 of 1st overtime period - Aleksander Barkov wins face-off versus Barrett Hayton in Chicago Black Hawks zone.
8:06 of 1st overtime period - Slapshot by Mikko Rantanen.
8:06 of 1st overtime period - Stopped by Filip Gustavsson with a rebound.
9:33 of 1st overtime period - Penalty to Zachary Werenski is over, Zachary Werenski is back on ice.
9:43 of 1st overtime period - Wrist shot by Barrett Hayton.
9:43 of 1st overtime period - Goal by Barrett Hayton - Vancouver Canucks : 3 - Chicago Black Hawks : 4.
Goals for this period are 0 for Vancouver Canucks vs 1 for Chicago Black Hawks.
Shots for this period are 6 for Vancouver Canucks vs 5 for Chicago Black Hawks.
Back to the Top